 Dungeon Crawl Stone Soup version 0.30-a0-613-gdd512c7efb (webtiles) character file.

Game seed: 11864063383425441208

2276 OTABOTABOTAB the Martial Artist (level 9, 0/53 HPs)
             Began as an Octopode Transmuter on Jan 8, 2023.
             Was an Initiate of Gozag.
             Slain by an ice beast (3 damage)
             ... on level 7 of the Dungeon.
             The game lasted 00:12:26 (6176 turns).

OTABOTABOTAB the Martial Artist (OpTm)              Turns: 6176, Time: 00:12:26

Health: 0/53       AC:  1    Str:  8    XL:     9   Next: 39%
Magic:  11/12      EV: 13    Int: 23    God:    Gozag
Gold:   298        SH:  0    Dex: 18    Spells: 2/12 levels left

rFire   . . .      SeeInvis +    u - +5 dagger (drain)
rCold   + . .      Faith    .    (no shield)
rNeg    . . .      Spirit   .    (helmet restricted)
rPois   .          Reflect  .    (no amulet)
rElec   .          Harm     .    V - ring of see invisible {sInv, !d}
rCorr   +          Rampage  .    l - +6 ring of dexterity
Will    .....                    C - ring of protection from cold {rC+, !d}
Stlth   ++++                     X - ring of resist corrosion
HPRegen 0.28/turn                (no ring)
MPRegen 0.13/turn                (no ring)
                                 (no ring)
                                 (no ring)

@: no status effects
A: almost no armour, amphibious, 8 rings, camouflage 2, gelatinous body 1,
(nimble swimmer 1), tentacles, clever 1, deterioration 1
a: Renounce Religion, Potion Petition, Call Merchant, Bribe Branch


You were on level 7 of the Dungeon.
You worshipped Gozag.
Gozag was aware of your devotion.
You visited 2 branches of the dungeon, and saw 8 of its levels.
You also visited: Sewer.

You collected 470 gold pieces.
You paid 172 gold pieces to Gozag.

Inventory:

Hand Weapons
 g - a +1 dagger of venom
   (You took it off a goblin on level 2 of the Dungeon)
 n - a +2 spear of venom
   (You took it off a gnoll on level 3 of the Dungeon)
 u - a +5 dagger of draining (weapon)
   (You took it off a wight on level 4 of the Dungeon)
Missiles
 o - 25 poisoned darts
 s - 80 stones
 w - 4 boomerangs
Magical Staves
 c - a staff of air {rElec}
   (You found it on level 5 of the Dungeon)
Jewellery
 f - a ring of fire {rF+, rC-}
   (You found it on level 5 of the Dungeon)
 l - a +6 ring of dexterity (right tentacle)
   (You found it on level 2 of the Dungeon)
 z - an amulet of guardian spirit
   (You found it on level 5 of the Dungeon)
 C - a ring of protection from cold (on tentacle) {rC+, !d}
   (You found it on level 4 of the Dungeon)
 V - a ring of see invisible (left tentacle) {sInv, !d}
   (You found it on level 1 of the Dungeon)
 X - a ring of resist corrosion (on tentacle)
   (You found it on level 4 of the Dungeon)
Wands
 d - a wand of digging (1)
   (You took it off Pikel on level 6 of the Dungeon)
 q - a wand of flame (1)
   (You found it in a sewer)
 y - a wand of mindburst (11)
   (You found it on level 6 of the Dungeon)
Scrolls
 e - a scroll of fog
 k - a scroll of butterflies
 p - a scroll of enchant weapon
 D - 3 scrolls of blinking {!r}
 E - 3 scrolls of fear
 O - a scroll of silence
Potions
 a - 2 potions of degeneration {!q}
 b - a potion of brilliance {unknown}
 t - a potion of magic
 x - 2 potions of cancellation
 G - a potion of ambrosia {!q}
 M - a potion of might
 P - a potion of lignification {!q}
 T - a potion of berserk rage {!q}


   Skills:
 + Level 1.3 Fighting
 + Level 2.2 Dodging
 + Level 8.0 Unarmed Combat
 - Level 2.0 Spellcasting
 + Level 7.8 Transmutations
 - Level 5.0 Ice Magic
 - Level 3.0 Poison Magic


You had 2 spell levels left.
You knew the following spells:

 Your Spells              Type           Power      Damage    Failure   Level
a - Beastly Appendage     Tmut           76%        N/A       1%          1
b - Wereblood             Tmut           38%        N/A       1%          2
c - Spider Form           Tmut/Pois      27%        N/A       4%          3
d - Ice Form              Ice/Tmut       31%        N/A       9%          4

Your spell library contained the following spells:

 Spells                   Type           Power      Damage    Failure   Level
 Freeze                   Ice            100%       1d10      1%          1
 Apportation              Tloc           4%         N/A       13%         1
 Necrotise                Necr           8%         1d4       13%         1
 Shock                    Conj/Air       8%         1d3       13%         1
 Summon Small Mammal      Summ           8%         N/A       13%         1
 Cigotuvi's Dreadful Rot  Necr/Pois/Air  12%        N/A       13%         2
 Frozen Ramparts          Ice            50%        1d8       4%          3
 Ignite Poison            Fire/Tmut/Pois 18%        N/A       9%          3
 Hailstorm                Conj/Ice       13%        3d5       14%         3
 Swiftness                Air            2%         N/A       36%         3
 Airstrike                Air            1%         2d(1-17)  77%         4
 Dispel Undead            Necr           2%         3d7       77%         4
 Sticky Flame             Conj/Fire      2%         2d3       77%         4
 Death Channel            Necr           1%         N/A       100%        6
 Ignition                 Fire           1%         3d3       100%        8


Dungeon Overview and Level Annotations

Branches:
Dungeon (7/15)             Temple (1/1) D:6           Sewer (visited)

Altars:
Ashenzari
Cheibriados
Elyvilon
Fedhas
Gozag
Hepliaklqana
Makhleb
Nemelex Xobeh
Okawaru
Qazlal
Ru
Trog
Uskayaw
Vehumet
Wu Jian
Xom
Yredelemnul
Zin
The Shining One


Innate Abilities, Weirdness & Mutations

You cannot wear most types of armour.
You are amphibious.
You can wear up to eight rings at the same time.
Your skin blends seamlessly with your surroundings (Stealth++).
Your rubbery body absorbs attacks. (AC +1, EV +1)
((You are camouflaged when in or above water. (Stealth+)))
You have tentacles for arms and can constrict up to eight enemies at once.
Your mind is acute. (Int +4, Str/Dex -1)
Your body sometimes deteriorates upon taking damage.


Message History

The orc shouts!
The orc wizard shouts!
The orc barely misses you.
You now have 9/12 mp.
Your blood is infused with primal strength.
The orc hits you with a +0 flail. The orc warrior completely misses you.
You take 6 damage, and have 47/53 hp.
You now have 7/12 mp.
You hit the orc but do no damage. The orc hits you with a +0 flail!
The orc warrior misses you.
You take 7 damage, and have 40/53 hp.
You hit the orc.
The orc is poisoned.
The orc warrior barely misses you.
You hit the orc wizard.
The orc wizard is poisoned.
The orc warrior completely misses you.
You hit the orc wizard.
The orc wizard looks as sick as possible!
The orc warrior barely misses you.
The orc wizard points at you and mumbles some strange words.
The magic dart hits you.
An ice beast comes into view.
You take 6 damage, and have 34/53 hp.
You barely miss the orc wizard. The orc warrior closely misses you.
The orc wizard hits you with a +0 dagger.
You take 2 damage, and have 32/53 hp.
The orc wizard attacks as you move away!
The orc wizard hits you with a +0 dagger.
There is a stone staircase leading up here.
You take 3 damage, and have 29/53 hp.
You kill the orc wizard!
Your Unarmed Combat skill increases to level 8!
You kill the orc!
The orc warrior misses you.
You climb upwards.
You hiss as the wereblood boils in your veins!
There is a stone staircase leading down here.
You hiss as the wereblood boils in your veins!
You climb downwards.
There is a stone staircase leading up here.
You hiss as the wereblood boils in your veins!
You hear an angry hiss.
The orc warrior completely misses you.
The orc is distracted by your dazzling golden aura.
You barely miss the orc warrior.
The orc shouts!
The orc is no longer distracted by gold.
The orc warrior completely misses you.
You hit the orc warrior.
The orc warrior is poisoned.
The ice beast barely misses you. The orc warrior misses you.
You hit the orc warrior but do no damage.
The orc warrior looks as sick as possible!
The orc warrior barely misses you. The ice beast closely misses you.
You bite the orc warrior!
You hiss as the wereblood boils in your veins!
The orc warrior barely misses you. The ice beast barely misses you.
You hit the orc warrior.
The orc warrior looks as sick as possible!
The ice beast misses you. The orc warrior misses you.
You bite the orc warrior!
You feel a bit better.
You kill the orc warrior!
Your transformation is almost over.
Your primal bloodlust is almost over.
A wyvern comes into view.
The wyvern completely misses you.
You regained 2 hp, and now have 35/53 hp.
You hit the ice beast but do no damage. The ice beast hits you.
The ice beast freezes you. You resist.
The wyvern is distracted by your dazzling golden aura.
The wyvern hisses angrily.
You take 9 damage, and have 26/53 hp.
You completely miss the ice beast. The orc barely misses you.
The ice beast misses you.
You bite the ice beast! The orc barely misses you. The ice beast hits you.
The ice beast freezes you. You resist.
You take 7 damage, and have 19/53 hp.
You bite the orc!
You feel a bit better.
You kill the orc!
The ice beast misses you.
You regained 3 hp, and now have 22/53 hp.
You hit the ice beast but do no damage. The ice beast misses you.
You completely miss the ice beast. You hit the ice beast but do no damage.
Your primal bloodlust has ended.
The wyvern is no longer distracted by gold.
The wyvern misses you. The ice beast misses you. The wyvern misses you.
You hit the ice beast but do no damage.
The ice beast hits you but does no damage.
The wyvern misses you.
You hit the ice beast.
Your transformation has ended.
Your +5 dagger of draining unmelds from your body.
You sense an unholy aura.
The wyvern closely misses you. The ice beast hits you.
The ice beast freezes you. You resist.
You take 5 damage, and have 18/53 hp.
You hit the ice beast. The wyvern closely misses you.
The ice beast barely misses you. The wyvern closely misses you.
You hit the ice beast. You drain the ice beast. The wyvern bites you!
* * * LOW HITPOINT WARNING * * *
The ice beast hits you.
* * * LOW HITPOINT WARNING * * *
The ice beast freezes you. You resist.
You die...
Your body crumbles into a pile of gold.

# .##. ......
## #.#.#.# #.#
#.#.#.# ..#
#.#.#.#
#.#.#.#.#
#l#Y#.#
#.#@#.#
..#.#$#
...#.#.$...#
#....#.#...#.#
#...#.#.....#
#....# #...#.#
#...# .#.#.#.#
#... . #.#.#.#
## . # #.#.


You could see a wyvern and an ice beast (drained).

Vanquished Creatures
  Pikel (D:6)
  An orc warrior (D:7)
  Pargi (Sewer)
  An ice beast (D:4)
  2 black bears (D:4)
  A lemure (D:6)
  An ogre (D:4)
  A phantom (D:6)
  A bullfrog (D:6)
  2 kobold brigands
  A necrophage (D:6)
  2 scorpions
  3 wights (D:4)
  A howler monkey (D:6)
  A jelly (D:5)
  4 orc priests
  A hound (D:6)
  A gnoll bouda (D:3)
  4 orc wizards
  Robin (D:2)
  9 gnolls
  8 adders
  An ufetubus (D:4)
  3 worms
  23 orcs
  5 endoplasms
  2 giant cockroaches (D:1)
  13 goblins
  8 hobgoblins
  4 jackals
  A quokka (D:5)
  6 ball pythons
  5 bats
  2 frilled lizards (D:3)
  19 kobolds
  6 rats
146 creatures vanquished.

Notes
Turn   | Place    | Note
-------+----------+-------------------------------------------
     0 | D:1      | OTABOTABOTAB the Octopode Transmuter began the quest for
                  | the Orb.
     0 | D:1      | Reached XP level 1. HP: 13/13 MP: 3/3
   371 | D:1      | Reached skill level 1 in Poison Magic
   371 | D:1      | Reached XP level 2. HP: 18/18 MP: 3/5
   398 | D:1      | Learned a level 2 spell: Wereblood
  1019 | D:2      | Reached XP level 3. HP: 23/23 MP: 4/6
  1019 | D:2      | Noticed Robin
  1029 | D:2      | Killed Robin
  1030 | D:2      | HP: 5/23 [goblin/+0 dagger[Robin] (2)]
  1031 | D:2      | HP: 2/23 [goblin/+0 dagger[Robin] (3)]
  1035 | D:2      | Reached skill level 2 in Poison Magic
  1306 | D:2      | Reached XP level 4. HP: 23/28 MP: 5/7
  1745 | D:3      | Learned a level 3 spell: Spider Form
  1832 | D:3      | Reached skill level 3 in Transmutations
  1927 | D:3      | HP: 7/28 [adder (1)]
  1932 | D:3      | HP: 3/28 [poisoned by an adder]
  2058 | D:3      | Found a glowing drain.
  2063 | Sewer    | Entered a sewer
  2118 | Sewer    | Reached skill level 4 in Unarmed Combat
  2118 | Sewer    | Reached XP level 5. HP: 33/33 MP: 4/8
  2203 | Sewer    | Noticed Pargi
  2215 | Sewer    | Killed Pargi
  2216 | Sewer    | Reached skill level 3 in Poison Magic
  2359 | D:3      | Reached skill level 4 in Transmutations
  2359 | D:3      | Reached XP level 6. HP: 33/38 MP: 6/9
  2842 | D:3      | Found a white marble altar of Elyvilon.
  3117 | D:4      | Reached skill level 5 in Unarmed Combat
  3201 | D:4      | Reached skill level 1 in Ice Magic
  3203 | D:4      | Reached XP level 7. HP: 24/43 MP: 8/10
  3325 | D:4      | Reached skill level 2 in Ice Magic
  3351 | D:4      | Reached skill level 5 in Transmutations
  3464 | D:4      | You fall into a shaft and drop 3 floors!
  3500 | D:6      | Gained mutation: You are frail. (-10% HP) [potion of
                  | mutation]
  3500 | D:6      | Gained mutation: Your body sometimes deteriorates upon
                  | taking damage. [potion of mutation]
  3500 | D:6      | Gained mutation: Your skin blends seamlessly with your
                  | surroundings (Stealth++). [potion of mutation]
  3509 | D:6      | Lost mutation: You are frail. (-10% HP) [potion of
                  | mutation]
  3509 | D:6      | Lost mutation: Your body sometimes deteriorates upon taking
                  | damage. [potion of mutation]
  3509 | D:6      | Gained mutation: Your body sometimes deteriorates upon
                  | taking damage. [potion of mutation]
  3509 | D:6      | Gained mutation: Your mind is acute. (Int +4, Str/Dex -1)
                  | [potion of mutation]
  3637 | D:6      | Learned a level 4 spell: Ice Form
  3656 | D:5      | Entered Level 5 of the Dungeon
  3676 | D:5      | Reached skill level 3 in Ice Magic
  3741 | D:5      | Reached skill level 6 in Unarmed Combat
  3745 | D:5      | Reached XP level 8. HP: 48/48 MP: 3/11
  4442 | D:5      | Reached skill level 6 in Transmutations
  4658 | D:5      | Reached skill level 4 in Ice Magic
  5235 | D:6      | Found a staircase to the Ecumenical Temple.
  5244 | Temple   | Entered the Ecumenical Temple
  5251 | Temple   | Became a worshipper of Gozag Ym Sagoz the Greedy
  5498 | D:6      | Noticed Pikel
  5512 | D:6      | Reached skill level 7 in Unarmed Combat
  5524 | D:6      | HP: 14/57 [lemure[Pikel] (6)]
  5529 | D:6      | HP: 7/72 [lemure[Pikel] (3)]
  5536 | D:6      | HP: 17/72 [lemure[Pikel] (4)]
  5539 | D:6      | Killed Pikel
  5540 | D:6      | Reached skill level 7 in Transmutations
  5540 | D:6      | Reached skill level 5 in Ice Magic
  5540 | D:6      | Reached XP level 9. HP: 33/53 MP: 12/12
  6153 | D:7      | Reached skill level 8 in Unarmed Combat
  6176 | D:7      | HP: 4/53 [wyvern (15)]
  6176 | D:7      | Slain by an ice beast

Illustrated notes

Levels and vault maps discovered:
D:1:      minmay_arrival_hallway, layout_loops_corners
D:2:      layout_loops_cross, uniq_robin
D:3:      layout_loops_ring, mainiacjoe_overflow_alcove_4,
          lightli_sewer_entry_pipes
D:4:      layout_gridville
D:5:      layout_cave_pools
D:6:      layout_loops_ring, minmay_temple_entry_waves, uniq_pikel
D:7:      minmay_razor_zed, layout_basic, minmay_ruffians
Temple:   nicolae_temple_no_exploring_needed

Skill      XL: |  1  2  3  4  5  6  7  8  9 |
---------------+----------------------------+-----
Poison Magic   | 1 2 3 |  3.0
Transmutations | 3 4 5 7 |  7.8
Unarmed Combat | 4 5 6 7 8 |  8.0
Ice Magic      | 1 3 5 |  5.0
Fighting       | |  1.3
Dodging        | |  2.2
Spellcasting   | |  2.0

Action                   |  1- 3 |  4- 6 |  7- 9 || total
-------------------------+-------+-------+-------++-------
Melee: Unarmed           |    67 |    76 |   126 ||   269
       Constrict         |    19 |    22 |     6 ||    47
       Tentacles         |    10 |    17 |     7 ||    34
       Kick              |    19 |    22 |     7 ||    48
       Punch             |     1 |     3 |     2 ||     6
       Spear             |       |    40 |       ||    40
       Dagger            |       |       |    53 ||    53
Throw: Stone             |     1 |       |       ||     1
 Cast: Beastly Appendage |    18 |    14 |     2 ||    34
       Spider Form       |       |     4 |     3 ||     7
       Ice Form          |       |       |    14 ||    14
       Wereblood         |       |       |     1 ||     1
 Abil: End Transformatio |    15 |    13 |    15 ||    43
Evoke: Wand              |       |       |     4 ||     4
  Use: Potion            |       |     6 |     5 ||    11
       Scroll            |       |       |    13 ||    13
 Stab: Sleeping          |     4 |    11 |     9 ||    24
Armor: Skin              |     7 |     7 |    95 ||   109
Dodge: Dodged            |    35 |    72 |   112 ||   219

Table legend: (Time is in decaauts)
 A = Elapsed time spent in this place.
 B = Non-inter-level travel time spent in this place.
 C = Inter-level travel time spent in this place.
 D = Time resting spent in this place.
 E = Time spent auto-exploring this place.
 F = Levels seen in this place.
 G = Mean time per level.
                   A        B        C        D        E       F      G
               +--------+--------+--------+--------+--------+-----+--------+
         Total |   6151 |   5978 |    173 |    557 |   4374 |   9 |  683.4 |
       Dungeon |   5872 |   5705 |    167 |    557 |   4166 |   7 |  838.9 |
        Temple |     14 |      8 |      6 |      0 |      0 |   1 |   14.0 |
         Sewer |    263 |    263 |      0 |      0 |    208 |   1 |  263.0 |
               +--------+--------+--------+--------+--------+-----+--------+

Top non-repeatable levels by time:
     D:6: 1148 daAuts
     D:3: 1072 daAuts
     D:1: 1004 daAuts
     D:4: 1002 daAuts
     D:5: 877 daAuts
     D:2: 725 daAuts
   Sewer: 263 daAuts
     D:7: 42 daAuts
  Temple: 14 daAuts

Table legend:
 A = Kills in this place as a percentage of kills in entire the game.
 B = Kills by you in this place as a percentage of kills by you in the entire game.
 C = Kills by friends in this place as a percentage of kills by friends in the entire game.
 D = Other kills in this place as a percentage of other kills in the entire game.
 E = Experience gained in this place as a percentage of experience gained in the entire game.
 F = Experience gained in this place divided by the number of levels of this place that you have seen.
                   A       B       C       D       E      F
               +-------+-------+-------+-------+-------+----------------------
         Total | 100.0 | 100.0 |   N/A |   N/A | 100.0 | 361.3
       Dungeon |  95.2 |  95.2 |   N/A |   N/A |  95.3 | 442.9
         Sewer |   4.8 |   4.8 |   N/A |   N/A |   4.7 | 152.0
               +-------+-------+-------+-------+-------+----------------------
